 Dungeon Crawl Stone Soup version 0.30-a0-166-g5d06c95188 (webtiles) character file.

Game seed: 6695084091666891226

362 qw the Chopper (level 6, 0/37 HPs)
             Began as a Gargoyle Fighter on Sept 29, 2022.
             Slain by an ice beast (13 damage)
             ... on level 5 of the Dungeon.
             The game lasted 00:01:03 (2875 turns).

qw the Chopper (Gargoyle Fighter)                   Turns: 2875, Time: 00:01:04

Health: 0/37       AC: 16    Str: 22    XL:     6   Next: 66%
Magic:  6/6        EV:  6    Int:  8    God:
Gold:   201        SH:  4    Dex:  9    Spells: 5/5 levels left

rFire   . . .      SeeInvis .    Y - +0 war axe
rCold   . . .      Faith    .    c - +0 buckler
rNeg    + . .      Spirit   .    g - +1 plate armour
rPois   inf        Reflect  .    (no helmet)
rElec   +          Harm     .    (no cloak)
rCorr   .          Rampage  .    (no gloves)
Will    .....                    (no boots)
Stlth   ..........               (no amulet)
HPRegen 0.12/turn                (no ring)
MPRegen 0.10/turn                (no ring)

@: no status effects
A: sickness immunity, AC +4, negative energy resistance 1, electricity
resistance, torment resistance 1, petrification resistance
a: no special abilities


You were on level 5 of the Dungeon.
You visited 1 branch of the dungeon, and saw 5 of its levels.

You collected 201 gold pieces.


Innate Abilities, Weirdness & Mutations

You are immune to sickness and miasma.
Your stone body is resilient. (AC +4)
You are immune to poison.
You resist negative energy. (rN+)
You are resistant to electric shocks. (rElec)
You are resistant to unholy torment.
You are immune to petrification.


   Skills:
 + Level 3.3 Fighting
 - Level 6.3 Axes
 - Level 3.2 Armour
 - Level 3.2 Shields


You had 5 spell levels left.
You didn't know any spells.
Your spell library was empty.

Inventory:

Hand Weapons
 i - a +0 whip
 Y - a +0 war axe (weapon)
Armour
 c - a +0 buckler (worn)
 g - a +1 plate armour (worn)
Scrolls
 a - a scroll of identify
Potions
 d - a potion of might
 e - 2 potions of curing
 f - a potion of attraction
 k - a potion of haste

Dungeon Overview and Level Annotations

Branches:
Dungeon (5/15)
 Temple: D:4-7

Altars:
Ashenzari
Nemelex Xobeh
Trog
The Shining One


Message History

The ice beast is moderately wounded.
You block the ice beast's attack.
You slash the ice beast!
The ice beast is severely wounded.
The ice beast hits you but does no damage.
You closely miss the ice beast.
The ice beast is severely wounded.
The ice beast hits you but does no damage.
You closely miss the ice beast.
The ice beast is severely wounded.
The ice beast hits you but does no damage.
The ice beast hits you. The ice beast freezes you!
You closely miss the ice beast.
The ice beast is severely wounded.
The ice beast hits you. The ice beast freezes you!
You barely miss the ice beast.
The ice beast is severely wounded.
The ice beast hits you but does no damage.
You closely miss the ice beast.
The ice beast is severely wounded.
The ice beast hits you but does no damage.
You closely miss the ice beast.
The ice beast is severely wounded.
The ice beast barely misses you.
You hit the ice beast but do no damage.
The ice beast is severely wounded.
The ice beast hits you but does no damage.
An orc warrior comes into view. It is wielding a +0 war axe.
You block the ice beast's attack.
2872 ||| Stepping ~*~*~tactically~*~*~ (stealth).
You hit the ice beast.
The ice beast is severely wounded.
The ice beast barely misses you.
You slash the ice beast!
The ice beast is almost dead.
The ice beast hits you but does no damage.
You barely miss the ice beast.
The ice beast is almost dead.
The ice beast hits you. The ice beast freezes you!
You die...

#.#.#.# #.....# ##
######.###>...
#.<...........
######.#######
#........# #######
.#####..#.# ......o
........#.###.......
.....#.#..@.#......o
.....#.#...... ###
#.#....#.......
#.#....#.......
..######.......
....... #.#####


You could see an ice beast.

Vanquished Creatures
  Grinder (D:4)
  A scorpion (D:4)
  4 adders
  3 dart slugs
  A ball python (D:4)
  8 bats
  7 endoplasms
  6 giant cockroaches
  4 goblins
  5 hobgoblins
  4 jackals
  4 quokkas
  A frilled lizard (D:3)
  7 kobolds
  A rat (D:2)
57 creatures vanquished.

Notes
Turn   | Place    | Note
-------+----------+-------------------------------------------
     0 | D:1      | qw the Gargoyle Fighter began the quest for the Orb.
     0 | D:1      | Reached XP level 1. HP: 14/14 MP: 1/1
     0 | D:1      | 0 ||| qw: Version: 0.2-a-12-gaebbb33
     0 | D:1      | 0 ||| qw: Game counter: 1053
     0 | D:1      | 0 ||| qw: Always use a shield: true
     0 | D:1      | 0 ||| qw: God list: Okawaru
     0 | D:1      | 0 ||| qw: Allow faded altars: false
     0 | D:1      | 0 ||| qw: Do Orc after D:15 true
     0 | D:1      | 0 ||| qw: Do second Lair branch before Depths: true
     0 | D:1      | 0 ||| qw: Lair rune preference: random
     0 | D:1      | 0 ||| qw: Plans: Normal, Zot:1-4, God:TSO, Crypt, Tomb,
                  | Pan, Slime:5, Hells, Abyss, Orb
     0 | D:1      | 0 ||| PLANNING D:1-11
    95 | D:1      | 95 ||| Stepping ~*~*~tactically~*~*~ (hiding).
   102 | D:1      | Reached skill level 2 in Axes
   149 | D:1      | Found a faded altar of an unknown god.
   363 | D:1      | Reached XP level 2. HP: 18/19 MP: 2/2
   391 | D:1      | 391 ||| Stepping ~*~*~tactically~*~*~ (hiding).
   864 | D:1      | Reached skill level 3 in Axes
   987 | D:1      | 987 ||| UPGRADING to +0 chain mail.
   997 | D:1      | 997 ||| DROPPING +0 scale mail.
   998 | D:1      | 998 ||| READING 2 scrolls labelled UHUCI DAZUXO.
  1017 | D:2      | Reached XP level 3. HP: 23/23 MP: 3/3
  1376 | D:2      | Reached XP level 4. HP: 25/28 MP: 4/4
  1546 | D:2      | 1546 ||| DROPPING amulet of faith.
  1547 | D:2      | 1547 ||| READING scroll labelled ZAAMELA OLYNOZ.
  1548 | D:2      | 1548 ||| DRINKING 2 murky coppery potions.
  1549 | D:2      | 1549 ||| DRINKING 2 white potions.
  1550 | D:2      | 1550 ||| DRINKING 2 sapphire potions.
  1551 | D:2      | 1551 ||| DROPPING potion of brilliance.
  1568 | D:3      | Found a glowing golden altar of the Shining One.
  1568 | D:3      | Found a sparkling altar of Nemelex Xobeh.
  1568 | D:3      | Found a bloodstained altar of Trog.
  1574 | D:3      | 1574 ||| STAIRDANCE
  1680 | D:3      | Found Todaos's Book Shoppe.
  1698 | D:3      | Found a broken altar of Ashenzari.
  1708 | D:3      | Reached skill level 4 in Axes
  1997 | D:3      | 1997 ||| UPGRADING to +0 plate armour.
  2007 | D:3      | 2007 ||| DROPPING +0 chain mail.
  2008 | D:3      | 2008 ||| READING scroll labelled XUEXOQO ZODA.
  2009 | D:3      | 2009 ||| READING 2 scrolls of identify.
  2009 | D:3      | 2009 ||| IDENTIFYING glowing pink potion
  2010 | D:3      | 2010 ||| DROPPING potion of magic.
  2136 | D:4      | 2136 ||| Stepping ~*~*~tactically~*~*~ (stealth).
  2137 | D:4      | 2137 ||| Stepping ~*~*~tactically~*~*~ (stealth).
  2383 | D:4      | 2383 ||| READING scroll of enchant armour.
  2383 | D:4      | 2383 ||| ENCHANTING +0 plate armour.
  2438 | D:4      | Noticed a scorpion
  2461 | D:4      | Killed a scorpion
  2462 | D:4      | Reached XP level 5. HP: 21/32 MP: 5/5
  2569 | D:4      | Noticed Grinder
  2572 | D:4      | Paralysed by Grinder for 2 turns
  2580 | D:4      | Paralysed by Grinder for 5 turns
  2594 | D:4      | HP: 7/32 [Grinder/nerve-wracking pain (3)]
  2595 | D:4      | 2595 ||| DRINKING potion of heal wounds.
  2595 | D:4      | Paralysed by Grinder for 5 turns
  2601 | D:4      | Killed Grinder
  2602 | D:4      | Reached skill level 6 in Axes
  2602 | D:4      | Reached XP level 6. HP: 27/37 MP: 6/6
  2819 | D:4      | 2819 ||| READING scroll labelled VIBBAMI SAUZY.
  2820 | D:4      | 2820 ||| READING scroll labelled TAMMYI JYIVUUC.
  2821 | D:4      | 2821 ||| DRINKING 3 cyan potions.
  2822 | D:4      | 2822 ||| READING 3 scrolls of identify.
  2822 | D:4      | 2822 ||| IDENTIFYING glowing yellow potion
  2823 | D:4      | 2823 ||| READING 2 scrolls of identify.
  2823 | D:4      | 2823 ||| IDENTIFYING bubbling purple potion
  2824 | D:4      | 2824 ||| DROPPING potion of degeneration.
  2838 | D:5      | Entered Level 5 of the Dungeon
  2856 | D:5      | Noticed an ice beast
  2860 | D:5      | 2860 ||| Stepping ~*~*~tactically~*~*~ (stealth).
  2871 | D:5      | Noticed an orc warrior
  2872 | D:5      | 2872 ||| Stepping ~*~*~tactically~*~*~ (stealth).
  2875 | D:5      | Slain by an ice beast

Levels and vault maps discovered:
D:1:      roderic_chinese_lattice_arrival, layout_basic,
          ebering_ecumenical_altar_box, bh_walls_and_bars
D:2:      layout_basic
D:3:      layout_rooms, evilmike_ruin_ashenzari,
          chequers_temple_overflow_statue_of_worship, serial_shops,
          nicolae_shop_statue_plus
D:4:      layout_basic, uniq_grinder
D:5:      layout_basic, mainiacjoe_overflow_boulevard, xom_confusion_cloud

Skill      XL: |  1  2  3  4  5 |
---------------+----------------+-----
Axes           | 2 3 4 6 |  6.3
Fighting       | |  3.3
Armour         | |  3.2
Shields        | |  3.2

Action                   |  1- 3 |  4- 6 || total
-------------------------+-------+-------++-------
Melee: War axe           |    98 |   103 ||   201
       Unarmed           |       |     1 ||     1
  Use: Scroll            |     1 |     8 ||     9
       Potion            |       |     5 ||     5
Armor: Scale mail        |    35 |       ||    35
       Chain mail        |    25 |    18 ||    43
       Plate armour      |       |    36 ||    36
Dodge: Dodged            |    32 |    25 ||    57
Block: Buckler           |    14 |    16 ||    30

Table legend:
 A = Non-vault XP
 B = Vault XP
 C = Vault XP percentage of total XP
 D = Non-vault monster count
 E = Vault monster count
 F = Vault count percentage of total count
                 A         B        C        D         E       F
            +---------+---------+-------+---------+---------+-------
      Total |     228 |     290 |  56.0 |      56 |       1 |   1.8
            +---------+---------+-------+---------+---------+-------
        D:1 |      33 |       0 |   0.0 |      16 |       0 |   0.0
        D:2 |      56 |       0 |   0.0 |      18 |       0 |   0.0
        D:3 |      20 |       0 |   0.0 |      12 |       0 |   0.0
        D:4 |     119 |     290 |  70.9 |      10 |       1 |   9.1
            +---------+---------+-------+---------+---------+-------
